 Dungeon Crawl Stone Soup version 0.32-a0-460-gc8eefc90e7 (webtiles) character file.

Game seed: 3234755823543421895

81 Kenran the Trooper (level 4, -1/41 HPs)
             Began as a Minotaur Hedge Wizard on Feb 24, 2024.
             Killed from afar by Ijyb (11 damage)
             ... with a puff of flame
             ... on level 3 of the Dungeon.
             The game lasted 00:03:39 (1687 turns).

Kenran the Trooper (Minotaur Hedge Wizard)          Turns: 1687, Time: 00:03:40

Health: -1/41      AC:  3    Str: 14    XL:     4   Next: 20%
Magic:  6/6        EV: 11    Int: 11    God:
Gold:   53         SH:  0    Dex: 12    Spells: 6/7 levels left

rFire   . . .        h - +0 hand axe
rCold   . . .        (no shield)
rNeg    . . .        l - +0 leather armour
rPois   .            c - +0 hat
rElec   .            (no cloak)
rCorr   .            (no gloves)
SInv    .            (no boots)
Will    .....        (no amulet)
Stlth   +            (no ring)
HPRegen 0.26/turn    (no ring)
MPRegen 0.10/turn

%: no passive effects
@: no status effects
A: horns 2, retaliatory headbutt
a: no special abilities


You were on level 3 of the Dungeon.
You visited 1 branch of the dungeon, and saw 3 of its levels.

You collected 53 gold pieces.

Inventory:

Hand Weapons
 h - a +0 hand axe (weapon)
Missiles
 e - 6 poisoned darts
Armour
 c - a +0 hat (worn)
 l - a +0 leather armour (worn)
Jewellery
 g - a ring of willpower
 n - an amulet of magic regeneration
Scrolls
 a - a scroll of teleportation
 f - a scroll of blinking
 k - a scroll of fear {unknown}
 o - a scroll of vulnerability {unknown}
Potions
 d - a potion of magic
 i - a potion of might {unknown}
 m - a potion of degeneration {unknown}


   Skills:
 + Level 4.7 Fighting
 - Level 2.1 Dodging
 - Level 1.5 Stealth
 - Level 2.1 Spellcasting
 - Level 0.6 Conjurations
 - Level 0.6 Summonings
 - Level 0.6 Translocations


You had 6 spell levels left.
You knew the following spells:

 Your Spells              Type           Power      Damage    Failure   Level
a - Magic Dart            Conj           8%         1d3       28%         1

Your spell library contained the following spells:

 Spells                   Type           Power      Damage    Failure   Level
 Slow                     Hex            4%         N/A       36%         1
 Blink                    Tloc           4%         N/A       41%         2
 Call Imp                 Summ           4%         N/A       41%         2
 Cigotuvi's Dreadful Rot  Necr/Alch/Air  2%         N/A       50%         2
 Mephitic Cloud           Conj/Alch/Air  1%         N/A       71%         3


Dungeon Overview and Level Annotations

Branches:
Dungeon (3/15)

Altars:

Annotations:
D:3 Ijyb


Innate Abilities, Weirdness & Mutations

You have a pair of horns on your head.
You reflexively headbutt those who attack you in melee.


Message History

You barely miss Ijyb.
Ijyb is lightly wounded.
Ijyb zaps a wand.
The puff of flame misses you.
It was a potion of heal wounds.
You feel much better. Ijyb barely misses you.
You barely miss Ijyb.
Ijyb is lightly wounded.
Ijyb closely misses you. Ijyb hits you but does no damage.
You hit Ijyb but do no damage. Your headbutt misses Ijyb.
Ijyb is lightly wounded.
Ijyb zaps a wand.
The puff of flame misses you.
You closely miss Ijyb.
Ijyb is lightly wounded.
Ijyb barely misses you.
You closely miss Ijyb.
Ijyb is lightly wounded.
Ijyb zaps a wand.
The puff of flame hits you. Ijyb barely misses you.
You closely miss Ijyb. Your headbutt misses Ijyb.
Ijyb is lightly wounded.
Ijyb closely misses you.
You hit Ijyb.
Ijyb is lightly wounded.
Ijyb barely misses you.
You hit Ijyb.
Ijyb is lightly wounded.
Ijyb closely misses you.
You slash Ijyb! Your headbutt misses Ijyb.
Ijyb is heavily wounded.
Ijyb hits you with a +0 club. x2
You barely miss Ijyb.
Ijyb is heavily wounded.
Ijyb zaps a wand.
The puff of flame misses you.
You barely miss Ijyb.
Ijyb is heavily wounded.
Ijyb zaps a wand.
The puff of flame hits you!
* * * LOW HITPOINT WARNING * * *
You barely miss Ijyb.
Ijyb is heavily wounded.
Ijyb zaps a wand.
The puff of flame hits you!
You die...
Ijyb moans, "Good help so hard to find!"

#..# #..## #...# #
#...# .#
#####.<.###..#
..........†...#
#######..###>.....
#####..### ####.
........@.#
.#####..#g#
#....?# #.##..# #.
... .. .### ### .#
.#


You could see Ijyb.

Vanquished Creatures
  Terence (D:2)
  2 adders
  A dart slug (D:1)
  2 ball pythons
  2 endoplasms
  A giant cockroach (D:1)
  3 goblins
  4 hobgoblins
  3 jackals (D:1)
  8 bats
  5 kobolds
  3 rats
35 creatures vanquished.

Notes
Turn   | Place    | Note
-------+----------+-------------------------------------------
     0 | D:1      | Kenran the Minotaur Hedge Wizard began the quest for the
                  | Orb.
     0 | D:1      | Reached XP level 1. HP: 14/14 MP: 2/2
   124 | D:1      | Reached skill level 1 in Fighting
   198 | D:1      | Reached skill level 2 in Fighting
   263 | D:1      | Reached XP level 2. HP: 24/24 MP: 4/4
   664 | D:1      | Reached skill level 3 in Fighting
   701 | D:2      | Noticed Terence
   719 | D:2      | Killed Terence
   720 | D:2      | Reached XP level 3. HP: 13/33 MP: 5/5
   814 | D:2      | Reached skill level 4 in Fighting
   955 | D:2      | Found a faded altar of an unknown god.
  1184 | D:2      | Reached XP level 4. HP: 41/41 MP: 6/6
  1625 | D:3      | Noticed Ijyb
  1687 | D:3      | Killed from afar by Ijyb

Illustrated notes

Levels and vault maps discovered:
D:1:      minmay_arrival_loop, layout_basic
D:2:      layout_basic, dreamdust_ecumenical_altar_statues, uniq_terence
D:3:      layout_loops_ring, nicolae_dithmenos_the_darkroom,
          fiery_altar_vehumet, mainiacjoe_overflow_boulevard,
          gammafunk_ghost_smash, uniq_ijyb

Skill      XL: |  1  2  3 |
---------------+----------+-----
Fighting       | 2 3 4 |  4.7
Dodging        | |  2.1
Stealth        | |  1.5
Spellcasting   | |  2.1
Conjurations   | |  0.6
Summonings     | |  0.6
Translocations | |  0.6

Action                     |  1- 3 |  4- 6 || total
---------------------------+-------+-------++-------
  Melee: Dagger            |    15 |       ||    15
         Headbutt          |    13 |     1 ||    14
         Hand axe          |    49 |    32 ||    81
    Use: Scroll            |       |     2 ||     2
         Potion            |       |     1 ||     1
   Stab: Sleeping          |     4 |     1 ||     5
 Armour: Robe              |    16 |       ||    16
         Leather armour    |    23 |    24 ||    47
  Dodge: Dodged            |    38 |    25 ||    63

Table legend: (Time is in decaauts)
 A = Elapsed time spent in this place.
 B = Non-inter-level travel time spent in this place.
 C = Inter-level travel time spent in this place.
 D = Time resting spent in this place.
 E = Time spent auto-exploring this place.
 F = Levels seen in this place.
 G = Mean time per level.
                   A        B        C        D        E       F      G
               +--------+--------+--------+--------+--------+-----+--------+
         Total |   1710 |   1654 |     56 |    138 |   1123 |   3 |  570.0 |
       Dungeon |   1710 |   1654 |     56 |    138 |   1123 |   3 |  570.0 |
               +--------+--------+--------+--------+--------+-----+--------+

Top non-repeatable levels by time:
     D:2: 943 daAuts
     D:1: 697 daAuts
     D:3: 69 daAuts
